 Dungeon Crawl Stone Soup version 0.29-a0-356-g7bc237e783 (webtiles) character file.

Game seed: 416971455849291067

221 bande the Covered (level 5, 0/33 HPs)
             Began as a Gargoyle Fighter on Apr 26, 2022.
             Slain by a gnoll
             ... wielding a +0 flail
              (10 damage)
             ... on level 3 of the Dungeon.
             The game lasted 00:06:01 (4359 turns).

bande the Covered (Gargoyle Fighter)                Turns: 4359, Time: 00:06:01

Health: 0/33       AC: 12    Str: 19    XL:     5   Next: 98%
Magic:  5/5        EV:  7    Int:  9    God:
Gold:   174        SH:  8    Dex: 11    Spells: 4/4 levels left

rFire   . . .      SeeInvis .   a - +1 war axe
rCold   . . .      Faith    .   p - +0 kite shield
rNeg    + . .      Spirit   .   b - +0 scale mail
rPois   ∞          Reflect  .   (no helmet)
rElec   +          Harm     .   f - +0 cloak
rCorr   .          Rampage  .   (no gloves)
Will    .....                   (no boots)
Stlth   ..........              (no amulet)
HPRegen 0.11/turn               (no ring)
MPRegen 0.09/turn               (no ring)

@: no status effects
A: sickness immunity, AC +4, negative energy resistance 1, electricity
resistance, torment resistance 1, petrification resistance
a: no special abilities


You were on level 3 of the Dungeon.
You visited 1 branch of the dungeon, and saw 4 of its levels.

You collected 174 gold pieces.

Inventory:

Hand Weapons
 a - a +1 war axe (weapon)
Armour
 b - a +0 scale mail (worn)
 f - a +0 cloak (worn)
 p - a +0 kite shield (worn)
Jewellery
 q - a ring of positive energy
Wands
 m - a wand of charming (4)
 n - a wand of acid (12)
 s - a wand of digging (5)
Scrolls
 c - a scroll of teleportation {unknown}
 o - a scroll of fog
Potions
 d - 4 potions of might
 e - a potion of invisibility {unknown}
 g - 3 potions of curing
 h - a potion of mutation {unknown}
 i - a potion of heal wounds {unknown}
 j - a potion of degeneration {unknown}
 k - 2 potions of berserk rage
 l - a potion of brilliance {unknown}
 r - a potion of cancellation {unknown}


   Skills:
 + Level 3.9 Fighting
 + Level 3.9 Axes
 + Level 4.5 Armour
 - Level 0.1 Stealth
 + Level 3.8 Shields
 * Level 0.8 Evocations


You had 4 spell levels left.
You didn't know any spells.
Your spell library contained the following spells:

 Spells                   Type           Power      Damage    Failure   Level
 Animate Skeleton         Necr           0%         N/A       98%         1
 Magic Dart               Conj           0%         1d3       98%         1
 Pain                     Necr           0%         1d4       98%         1
 Call Imp                 Summ           0%         N/A       99%         2
 Gell's Gravitas          Tloc           0%         N/A       100%        3
 Lesser Beckoning         Tloc           0%         N/A       100%        3
 Mephitic Cloud           Conj/Pois/Air  0%         N/A       100%        3
 Teleport Other           Tloc           0%         N/A       100%        3
 Vampiric Draining        Necr           0%         2d6       100%        3


Dungeon Overview and Level Annotations

Branches:
Dungeon (4/15)
 Temple: D:4-7

Altars:
Hepliaklqana
Kikubaaqudgha
Ru


Innate Abilities, Weirdness & Mutations

You are immune to sickness and miasma.
Your stone body is resilient. (AC +4)
You are immune to poison.
You resist negative energy. (rN+)
You are resistant to electric shocks. (rElec)
You are resistant to unholy torment.
You are immune to petrification.


Message History

No target in view!
Things that are here:
a +0 club; a +0 leather armour; an orc corpse
Things that are here:
a +0 robe; a +0 whip; a gnoll skeleton
Things that are here:
a +0 club; a +0 leather armour; an orc corpse
There is a stone staircase leading down here.
You climb downwards.
There is a stone staircase leading up here.
Unknown command.
You climb upwards.
There is a stone staircase leading down here.
You climb downwards.
You block the gnoll's attack. The gnoll hits you with a +0 flail!
The gnoll hits you but does no damage.
There is a stone staircase leading up here.
Unknown command.
The gnoll hits you with a +0 flail. The gnoll barely misses you.
You climb upwards.
There is a stone staircase leading down here.
You hit the gnoll.
The gnoll is moderately wounded.
You hit the gnoll. The gnoll hits you with a +0 flail.
You block the gnoll's attack. The gnoll hits you with a +0 flail.
You are too injured to fight recklessly!
You are too injured to fight recklessly!
You are too injured to fight recklessly!
You are too injured to fight recklessly!
You are too injured to fight recklessly!
You are too injured to fight recklessly!
You are too injured to fight recklessly!
Unknown command.
You slash the gnoll!
The gnoll is severely wounded.
You slash the gnoll! The gnoll hits you with a +0 club.
The gnoll barely misses you. The gnoll hits you with a +0 club.
You hit the gnoll.
The gnoll is almost dead.
You hit the gnoll. The gnoll hits you with a +0 flail!
You die...

)...P..PP........#...#.#.#.#..(#.
........PP.......###..#.#.#..###.
..#..P..P...........##.#.#.##....
..##.PP.....##.#..#.#)#.#.#[#.#..
..#...P..PP..#.#....###.)÷###....
..#.#....PP..#.#.###...#.#...###.
......P..PP......###.#.#.#.#.###.
......P....P.#.g.g##...###...##..
..........P...#[@...............#
.......PP..P..#.##.#.#.#..####.##
........PP..P.#.##.......#####.#
......_.PP..P.#.#######........#
........P...P......##......#####
.......PP..PP...#....<######
.......PP..P......#..####
.......P..P...#...##<...##
..................#####..#


You could see 2 gnolls.

Vanquished Creatures
  A howler monkey (D:3)
  A gnoll shaman (D:3)
  Ijyb (D:3)
  An adder (D:3)
  5 gnolls
  2 worms (D:3)
  4 dart slugs
  2 orcs (D:3)
  2 endoplasms (D:2)
  A giant cockroach (D:3)
  5 goblins
  5 hobgoblins
  5 quokkas
  7 ball pythons
  5 bats
  3 frilled lizards
  9 kobolds
  3 rats
62 creatures vanquished.

Vanquished Creatures (others)
  27 plants (D:3)
27 creatures vanquished.

Grand Total: 89 creatures vanquished

Notes
Turn   | Place    | Note
-------+----------+-------------------------------------------
     0 | D:1      | bande the Gargoyle Fighter began the quest for the Orb.
     0 | D:1      | Reached XP level 1. HP: 14/14 MP: 1/1
   434 | D:1      | Reached XP level 2. HP: 19/19 MP: 2/2
  1072 | D:1      | Reached XP level 3. HP: 19/23 MP: 3/3
  1342 | D:2      | Found a hazy altar of Hepliaklqana.
  1956 | D:3      | Found an ancient bone altar of Kikubaaqudgha.
  1989 | D:3      | Found a hazy altar of Hepliaklqana.
  2534 | D:2      | Reached XP level 4. HP: 15/28 MP: 4/4
  2780 | D:3      | Reached skill level 4 in Armour
  3096 | D:3      | Noticed Ijyb
  3106 | D:3      | Killed Ijyb
  3191 | D:3      | Reached XP level 5. HP: 33/33 MP: 5/5
  3643 | D:4      | Found a sacrificial altar of Ru.
  4359 | D:3      | Slain by a gnoll

Illustrated notes

Levels and vault maps discovered:
D:1:      ncdulo_halloftheorcs, layout_basic
D:2:      layout_loops_ring, basic_altar
D:3:      layout_rooms, mainiacjoe_overflow_catch_the_wave,
          amcnicky_mini_rare_corridor_liquid, dk_noncrumbling_4,
          minmay_starry_boxes, uniq_ijyb
D:4:      layout_loops_ring, nicolae_wu_jian_immortal_techniques,
          nicolae_ru_the_path_less_chosen, minmay_bent, uniq_crazy_yiuf_cottage

Skill      XL: |  1  2  3  4 |
---------------+-------------+-----
Axes           | 2 3 |  3.9
Armour         | 4 |  4.5
Fighting       | |  3.9
Stealth        | |  0.1
Shields        | |  3.8
Evocations     | |  0.8

Action                   |  1- 3 |  4- 6 || total
-------------------------+-------+-------++-------
Melee: War axe           |   116 |    74 ||   190
  Use: Scroll            |     5 |     3 ||     8
Armor: Scale mail        |    73 |    55 ||   128
Dodge: Dodged            |    52 |    28 ||    80
Block: Buckler           |    20 |     5 ||    25
       Kite shield       |       |    35 ||    35

Table legend: (Time is in decaauts)
 A = Elapsed time spent in this place.
 B = Non-inter-level travel time spent in this place.
 C = Inter-level travel time spent in this place.
 D = Time resting spent in this place.
 E = Time spent auto-exploring this place.
 F = Levels seen in this place.
 G = Mean time per level.
                   A        B        C        D        E       F      G
               +--------+--------+--------+--------+--------+-----+--------+
         Total |   4448 |   4413 |     35 |   1491 |   2165 |   4 | 1112.0 |
       Dungeon |   4448 |   4413 |     35 |   1491 |   2165 |   4 | 1112.0 |
               +--------+--------+--------+--------+--------+-----+--------+

Top non-repeatable levels by time:
     D:2: 1602 daAuts
     D:3: 1347 daAuts
     D:1: 1307 daAuts
     D:4: 190 daAuts
